 Dungeon Crawl Stone Soup version 0.29.1-12-g30fa7ad0bf (webtiles) character file.

Game seed: 2538626815847344231

476 ChadusMaximus the Shield-Bearer (level 6, -1/56 HPs)
             Began as a Minotaur Fighter on Dec 12, 2022.
             Slain by Prince Ribbit (12 damage)
             ... on level 5 of the Dungeon.
             The game lasted 00:04:33 (4302 turns).

ChadusMaximus the Shield-Bearer (Minotaur Fighter)  Turns: 4302, Time: 00:04:33

Health: -1/56      AC: 12    Str: 23    XL:     6   Next: 85%
Magic:  0/5        EV:  5    Int:  5    God:
Gold:   105        SH:  8    Dex:  9    Spells: 5/5 levels left

rFire   . . .      SeeInvis .   q - +5 long sword "Omelette" {freeze, rPois}
rCold   . . .      Faith    .   w - +0 kite shield
rNeg    . . .      Spirit   +   v - +0 plate armour
rPois   +          Reflect  .   (helmet restricted)
rElec   .          Harm     .   (no cloak)
rCorr   .          Rampage  .   (no gloves)
Will    .....                   (no boots)
Stlth   ..........              t - amulet of guardian spirit
HPRegen 0.18/turn               (no ring)
MPRegen 0.09/turn               (no ring)

@: no status effects
A: horns 2, retaliatory headbutt
a: no special abilities


You were on level 5 of the Dungeon.
You visited 1 branch of the dungeon, and saw 5 of its levels.

You collected 105 gold pieces.

Inventory:

Hand Weapons
 a - a +0 war axe
 q - the +5 long sword "Omelette" (weapon) {freeze, rPois}
   (You found it on level 2 of the Dungeon)

   It freezes those it strikes, dealing additional cold damage.
   It can also slow down cold-blooded creatures.
   rPois:     It protects you from poison.
Missiles
 m - 3 boomerangs (quivered)
Armour
 c - a +0 buckler
 p - a +0 chain mail
 v - a +0 plate armour (worn)
 w - a +0 kite shield (worn)
Jewellery
 t - an amulet of guardian spirit (around neck)
Wands
 x - a wand of quicksilver (8)
 y - a wand of iceblast (10)
Scrolls
 b - 3 scrolls of identify
 g - a scroll of silence {unknown}
 h - 2 scrolls of noise
 k - a scroll of fog {unknown}
 l - a scroll of vulnerability {unknown}
 n - a scroll of immolation {unknown}
 u - a scroll of teleportation {unknown}
 z - a scroll of enchant weapon {unknown}
Potions
 d - a potion of might
 e - a potion of cancellation {unknown}
 f - a potion of invisibility {unknown}
 i - a potion of lignification {unknown}
 j - a potion of attraction {unknown}
 o - 2 potions of brilliance {unknown}
 r - 3 potions of curing {unknown}
 s - 2 potions of heal wounds {unknown}


   Skills:
 + Level 5.6 Fighting
 + Level 4.9 Axes
 + Level 5.6 Armour
 + Level 5.6 Shields


You had 5 spell levels left.
You didn't know any spells.
Your spell library contained the following spells:

 Spells                   Type           Power      Damage    Failure   Level
 Magic Dart               Conj           0%         1d3       100%        1
 Call Imp                 Summ           0%         N/A       100%        2
 Mephitic Cloud           Conj/Pois/Air  0%         N/A       100%        3


Dungeon Overview and Level Annotations

Branches:
Dungeon (5/15)
 Temple: D:4-7

Altars:
Dithmenos
Hepliaklqana
Kikubaaqudgha
Uskayaw
Wu Jian
Lugonu

Portals:
Abyss: D:4

Annotations:
D:5 Prince Ribbit


Innate Abilities, Weirdness & Mutations

You have a pair of horns on your head.
You reflexively headbutt those who attack you in melee.


Message History

You slash Pikel! You freeze Pikel.
Pikel is moderately wounded.
Pikel hits you with a +1 whip of flaming.
Pikel burns you.
Pikel hits you with a +1 whip of flaming.
Pikel burns you.
You slash Pikel! You freeze Pikel.
Pikel is heavily wounded.
A lemure comes into view.
Pikel hits you but does no damage.
Pikel hits you with a +1 whip of flaming.
Pikel burns you.
You closely miss Pikel.
Pikel is heavily wounded.
Pikel hits you but does no damage.
Prince Ribbit blinks!
You closely miss Pikel.
Pikel is heavily wounded.
Pikel hits you but does no damage. Pikel barely misses you.
You barely miss Pikel. You headbutt Pikel, but do no damage.
Pikel is heavily wounded.
You block Pikel's attack.
You hit Pikel. You freeze Pikel.
Pikel is severely wounded.
You block Pikel's attack.
Pikel hits you with a +1 whip of flaming.
Pikel burns you.
You hit Pikel. You freeze Pikel.
Pikel is severely wounded.
Prince Ribbit hits you.
Pikel hits you with a +1 whip of flaming.
* * * LOW HITPOINT WARNING * * *
Pikel burns you.
* * * LOW HITPOINT WARNING * * *
Prince Ribbit hits you.
* * * LOW HITPOINT WARNING * * *
You slash Pikel! You freeze Pikel.
You kill Pikel!
With Pikel's spell broken, his former minions thank you for their freedom.
The lemure departs this earthly plane. x3; Prince Ribbit hits you!
You die...

#.#.#...#
#.#.###.#
..# #.# ###
#.# #.# #.#
#.#
#F#####.#
#.@)ยงยงยง.#
#######.#


You could see Prince Ribbit.

Vanquished Creatures
  Pikel (D:5)
  A black bear (D:4)
  A lemure (D:5)
  A phantom (D:4)
  An orc priest (D:4)
  A hound (D:4)
  2 iguanas (D:4)
  An orc wizard (D:3)
  5 adders
  6 gnolls
  2 dart slugs
  6 orcs
  3 bats
  6 endoplasms
  A giant cockroach (D:1)
  5 goblins
  6 hobgoblins
  3 kobolds
  3 quokkas
  2 ball pythons
  3 frilled lizards
  4 rats
  A spectral kobold (D:3)
65 creatures vanquished.

Vanquished Creatures (collateral kills)
  A gnoll (D:4)
1 creature vanquished.

Vanquished Creatures (others)
  2 lurking horrors (D:4)
2 creatures vanquished.

Grand Total: 68 creatures vanquished

Notes
Turn   | Place    | Note
-------+----------+-------------------------------------------
     0 | D:1      | ChadusMaximus the Minotaur Fighter began the quest for the
                  | Orb.
     0 | D:1      | Reached XP level 1. HP: 19/19 MP: 0/0
   103 | D:1      | Reached XP level 2. HP: 27/27 MP: 1/1
   982 | D:2      | Reached XP level 3. HP: 26/33 MP: 2/2
  1282 | D:2      | Identified the +5 long sword "Omelette" {freeze, rPois}
  1568 | D:3      | Found an ornate altar of the Wu Jian Council.
  1805 | D:3      | Reached XP level 4. HP: 40/40 MP: 3/3
  1867 | D:3      | Found a faded altar of an unknown god.
  2210 | D:3      | Noticed a necrophage
  2210 | D:3      | Noticed a phantom
  2423 | D:4      | Noticed a phantom
  2452 | D:4      | Noticed a water moccasin
  2634 | D:4      | Killed a phantom
  2635 | D:4      | Reached XP level 5. HP: 22/47 MP: 1/4
  2641 | D:4      | Reached skill level 5 in Fighting
  2641 | D:4      | Reached skill level 5 in Armour
  2641 | D:4      | Reached skill level 5 in Shields
  2972 | D:4      | Reached XP level 6. HP: 42/56 MP: 2/5
  3728 | D:4      | Found a shadowy altar of Dithmenos.
  3734 | D:4      | Found a hazy altar of Hepliaklqana.
  3735 | D:4      | Found an ancient bone altar of Kikubaaqudgha.
  3737 | D:4      | Found a hide-covered altar of Uskayaw.
  3832 | D:4      | Found a one-way gate to the infinite horrors of the Abyss.
  3832 | D:4      | Found a corrupted altar of Lugonu.
  4113 | D:5      | Entered Level 5 of the Dungeon
  4283 | D:5      | Noticed Prince Ribbit
  4286 | D:5      | Noticed Pikel
  4302 | D:5      | Killed Pikel
  4302 | D:5      | Slain by Prince Ribbit

Illustrated notes

Levels and vault maps discovered:
D:1:      ncdulo_watergridlock, layout_basic
D:2:      layout_rooms, minmay_door_square
D:3:      layout_basic, nzn_wu_jian_contemplation,
          dreamdust_ecumenical_altar_drowned_temple, corner_web_ring,
          lightli_corner_chamber
D:4:      nicolae_cairo_tiling_large_dashed, layout_loops_ring, minitemple,
          amcnicky_altar_lugonu_corruption
D:5:      layout_basic, uniq_prince_ribbit1, uniq_pikel

Skill      XL: |  1  2  3  4  5 |
---------------+----------------+-----
Fighting       | 4 5 |  5.6
Armour         | 4 5 |  5.6
Shields        | 4 5 |  5.6
Axes           | 3 4 |  4.9

Action                   |  1- 3 |  4- 6 || total
-------------------------+-------+-------++-------
Melee: War axe           |    42 |       ||    42
       Headbutt          |     6 |    14 ||    20
       Long sword        |    22 |   112 ||   134
Throw: Boomerang         |     1 |       ||     1
  Use: Scroll            |       |     3 ||     3
Armor: Scale mail        |    22 |       ||    22
       Chain mail        |    19 |    10 ||    29
       Plate armour      |       |    63 ||    63
Dodge: Dodged            |    30 |    32 ||    62
Block: Buckler           |    12 |     4 ||    16
       Kite shield       |       |    44 ||    44
